 Dungeon Crawl Stone Soup version 0.29.0 (webtiles) character file.

Game seed: 14351661351320067230

19910 bonscott the Thaumaturge (level 12, -13/70 HPs)
             Began as a Deep Elf Necromancer on Sept 11, 2022.
             Was an Initiate of Gozag.
             Mangled by a boulder beetle (51 damage)
             ... on level 1 of the Lair of Beasts.
             The game lasted 02:01:52 (19913 turns).

bonscott the Thaumaturge (Deep Elf Necromancer)    Turns: 19913, Time: 02:01:53

Health: -13/70     AC:  9    Str:  5    XL:     12   Next: 40%
Magic:  0/31       EV: 11    Int: 26    God:    Gozag
Gold:   2481       SH:  0    Dex: 15    Spells: 17/37 levels left

rFire   + . .      SeeInvis .   a - +0 shortbow
rCold   + . .      Faith    .   (shield currently unavailable)
rNeg    . . .      Spirit   .   k - +0 ring mail
rPois   +          Reflect  .   j - +0 helmet
rElec   .          Harm     .   C - scarf {rC+ rF+}
rCorr   .          Rampage  .   m - +0 pair of gloves
Will    +....                   (no boots)
Stlth   +.........              (no amulet)
HPRegen 0.21/turn               g - ring of poison resistance
MPRegen 0.22/turn               T - +4 ring of slaying

@: no status effects
A: no striking features
a: Renounce Religion, Potion Petition, Call Merchant, Bribe Branch


You were on level 1 of the Lair of Beasts.
You worshipped Gozag.
Gozag was most pleased with you.
You visited 3 branches of the dungeon, and saw 13 of its levels.
You also visited: Sewer.

You collected 2658 gold pieces.
You paid 177 gold pieces to Gozag.

Inventory:

Hand Weapons
 a - a +0 shortbow (weapon)
 b - the +9 whip of a Labyrinth {drain, rF+ rN++ Str+4 Stlth+}
   (You took it off a kobold on level 9 of the Dungeon)

   A truly terrible weapon, it drains the life of any living foe it strikes.
   Str:       It affects your strength (+4).
   rF:        It protects you from fire.
   rN:        It greatly protects you from negative energy.
   Stlth:     It makes you more stealthy.
 h - the +7 whip of the Abyss {elec, Int+2}
   (You found it on level 1 of the Lair of Beasts)

   It occasionally discharges a powerful burst of electricity upon striking a
   foe.
   Int:       It affects your intelligence (+2).
 S - a +1 scimitar of flaming
 U - a +4 scimitar of freezing
Missiles
 x - 52 poisoned darts
 A - 14 boomerangs
Armour
 d - a scarf of repulsion
 j - a +0 helmet (worn)
 k - a +0 ring mail (worn)
 m - a +0 pair of gloves (worn)
 n - the +1 hat of the Impish Heron {Contam rPois rC- Int+8}
   (You found it on level 1 of the Lair of Beasts)

   Int:       It affects your intelligence (+8).
   rC:        It makes you vulnerable to cold.
   rPois:     It protects you from poison.
   Contam:    It causes magical contamination when unequipped.
 C - a scarf of resistance (worn)
Jewellery
 e - a +4 ring of slaying
 g - a ring of poison resistance (left hand)
 T - a +4 ring of slaying (right hand)
 X - a +6 ring of dexterity
Wands
 L - a wand of charming (1)
 M - a wand of digging (5)
 Z - a wand of light (13)
Scrolls
 c - a scroll of fog {unknown}
 o - a scroll of vulnerability
 s - 2 scrolls of fear
 u - 3 scrolls of teleportation
 v - a scroll of summoning
 w - a scroll of silence {unknown}
 D - 6 scrolls of immolation
 E - a scroll of enchant armour {unknown}
 H - 2 scrolls of noise {unknown}
 J - a scroll of brand weapon {unknown}
 N - a scroll of torment {unknown}
 Q - a scroll of magic mapping {unknown}
Potions
 f - 2 potions of haste
 i - 2 potions of resistance
 l - 4 potions of might
 q - 5 potions of brilliance
 r - 6 potions of curing
 t - 8 potions of flight
 y - a potion of magic
 B - a potion of attraction
 I - a potion of ambrosia {unknown}
 O - a potion of experience {unknown}
 R - 2 potions of cancellation {unknown}
 Y - 3 potions of heal wounds {unknown}


   Skills:
 + Level 6.1 Fighting
 + Level 6.8 Armour
 + Level 5.6 Dodging
 - Level 2.4 Stealth
 + Level 13.1 Spellcasting
 + Level 12.8 Necromancy
 - Level 4.0 Translocations
 + Level 9.9 Earth Magic


You had 17 spell levels left.
You knew the following spells:

 Your Spells              Type           Power      Damage    Failure   Level
i - Necrotise             Necr           100%       1d9       1%          1
m - Vampiric Draining     Necr           70%        2d11      1%          3
q - Blink                 Tloc           74%        N/A       3%          2
u - Dispel Undead         Necr           70%        3d24      1%          4
v - Borgnjor's Vile Clut  Necr/Erth      33%        N/A       3%          5
y - Agony                 Necr           70%        N/A       1%          5

Your spell library contained the following spells:

 Spells                   Type           Power      Damage    Failure   Level
 Stone Arrow              Conj/Erth      86%        3d12      4%          3
 Lesser Beckoning         Tloc           37%        N/A       8%          3
 Death Channel            Necr           35%        N/A       11%         6
 Animate Armour           Summ/Erth      86%        N/A       16%         4
 Static Discharge         Conj/Air       17%        3-6/arc   19%         2
 Conjure Flame            Conj/Fire      17%        6-21      36%         3
 Dazzling Flash           Conj/Hex       34%        N/A       36%         3
 Frozen Ramparts          Ice            34%        1d6       36%         3
 Ignite Poison            Fire/Tmut/Pois 17%        N/A       36%         3
 Iskenderun's Mystic Bla  Conj/Tloc      27%        2d7       50%         4
 Manifold Assault         Tloc           37%        N/A       56%         5
 Ice Form                 Ice/Tmut       17%        N/A       77%         4
 Sticky Flame             Conj/Fire      17%        2d4       77%         4
 Summon Ice Beast         Ice/Summ       17%        N/A       77%         4
 Starburst                Conj/Fire      8%         6d4       100%        6
 Storm Form               Tmut/Air       8%         N/A       100%        7
 Lehudib's Crystal Spear  Conj/Erth      21%        10d6      100%        8
 Animate Dead             Necr           Unusable   N/A       N/A         4

Dungeon Overview and Level Annotations

Branches:
Dungeon (11/15)            Temple (1/1) D:6            Lair (1/5) D:10
    Orc (0/2) D:10          Sewer (visited)

Altars:
Ashenzari
Cheibriados
Dithmenos
Elyvilon
Fedhas
Gozag
Hepliaklqana
Kikubaaqudgha
Makhleb
Nemelex Xobeh
Okawaru
Qazlal
Ru
Sif Muna
Trog
Uskayaw
Vehumet
Wu Jian
Xom
Yredelemnul
Zin
The Shining One

Annotations:
D:3 1 runed translucent door, SgtSorry's ghost, weakling TrFi
D:8 3 runed translucent doors, brwnlv's ghost, novice MiBe
D:11 1 transporter
Lair:1 3 runed translucent doors


Message History

The zombie hands constrict the boulder beetle.
The zombie hands constrict the boulder beetle, but do no damage.
The boulder beetle struggles to escape constriction. x2
The zombie hands constrict the boulder beetle. x2
The boulder beetle escapes!
Casting: Borgnjor's Vile Clutch (dangerous; 3% risk of failure)
Confirm with . or Enter, or press ? or * to list all spells.
Aiming: Borgnjor's Vile Clutch (dangerous; 3% risk of failure)
Press: ? - help, Shift-Dir - straight line, f - boulder beetle, p - boulder beetle
Aim: a boulder beetle (heavily wounded, rolling, 100% to hit)
Zombie hands grab the boulder beetle.
The zombie hands constrict the boulder beetle. x2
The boulder beetle escapes!
The boulder beetle struggles to escape constriction. x2
You shoot an arrow.
The arrow hits the boulder beetle but does no damage.
The boulder beetle is heavily wounded.
The zombie hands constrict the boulder beetle, but do no damage.
The boulder beetle leaps!
The boulder beetle struggles to escape constriction.
The boulder beetle curls into a ball and begins rolling!
The boulder beetle struggles to escape constriction.
Aiming: Charm
Press: ? - help, Shift-Dir - straight line, f/p - boulder beetle
Aim: a boulder beetle (sparse dust, heavily wounded, rolling, constricted by zombie hands, chance to affect: 31%)
The boulder beetle easily resists.
The zombie hands constrict the boulder beetle, but do no damage.
The boulder beetle escapes!
You feel yourself slow down.
Casting: Borgnjor's Vile Clutch (dangerous; 3% risk of failure)
Confirm with . or Enter, or press ? or * to list all spells.
Aiming: Borgnjor's Vile Clutch (dangerous; 3% risk of failure)
Press: ? - help, Shift-Dir - straight line, f - boulder beetle, p - boulder beetle
Aim: a boulder beetle (sparse dust, severely wounded, rolling, 100% to hit)
Zombie hands grab the boulder beetle. x2
The zombie hands constrict the boulder beetle. x2
The boulder beetle hits you!!!
Ouch! That really hurt!
You die...
Your body crumbles into a pile of gold.

..#..## ...#..##
.#.....# ###.# #
#.#....###P..# ...
...#....##...## $. .....
#.#...........## ..
..... .#..............##
##..# .Y...
..........####...###....
..... ##.......##
#@....... ....#
##...##..## #B..#####
.... #P..###...## ##°..#
... ##..# #....## #B.##
..# #..## ##....#####°.#
#.. #..## #.......○..#
#.. ...P# ##..........##
..###..#
...#####.....#..B...#
........
....P#......##.°##..###
#..


You could see 2 boulder beetles.

Vanquished Creatures
  Snorg (D:10)
  A hydra (Lair:1)
  A boulder beetle (D:10)
  Erica (D:8)
  3 death yaks (D:10)
  A wolf spider (Lair:1)
  2 black mambas (Lair:1)
  A gargoyle (D:11)
  A cane toad (Lair:1)
  Psyche (D:9)
  A komodo dragon (Lair:1)
  5 kobold demonologists
  A polar bear (Lair:1)
  A tarantella (Lair:1)
  A hornet (D:9)
  Prince Ribbit (D:7)
  6 blink frogs (Lair:1)
  A slime creature (D:10)
  A jumping spider (Lair:1)
  A shadow (D:10)
  A wraith (D:11)
  A wyvern (D:9)
  A vampire (D:8)
  18 yaks
  A steam dragon (D:9)
  A basilisk (Lair:1)
  3 vampire mosquitoes (D:11)
  Menkaure (D:6)
  A redback (Lair:1)
  4 water moccasins
  A sky beast (D:7)
  7 orc warriors
  3 black bears
  An ice beast (D:5)
  An ogre (D:6)
  11 centaurs
  6 kobold brigands
  6 bullfrogs
  4 gnoll sergeants
  5 scorpions
  8 wights (D:8)
  6 killer bees (D:8)
  3 howler monkeys
  2 hounds
  Crazy Yiuf (D:7)
  2 gnoll boudas
  11 orc priests
  4 iguanas
  12 orc wizards
  23 gnolls
  3 river rats (Sewer)
  14 adders
  2 ufetubi
  5 worms
  3 dart slugs
  34 orcs
  15 ball pythons
  9 bats
  7 endoplasms
  8 giant cockroaches
  5 goblins
  4 hobgoblins
  2 jackals (Sewer)
  28 kobolds
  7 quokkas
  3 frilled lizards
  9 rats
339 creatures vanquished.

Vanquished Creatures (collateral kills)
  A gnoll (D:4)
  An adder (Sewer)
  A river rat (Sewer)
  An orc (D:3)
  2 ball pythons (Sewer)
  2 endoplasms
  A jackal (Sewer)
  A bat (Sewer)
  3 frilled lizards (Sewer)
  A kobold (D:1)
  2 rats
16 creatures vanquished.

Vanquished Creatures (others)
  A howler monkey (D:9)
  A fungus (Lair:1)
  8 plants
10 creatures vanquished.

Grand Total: 365 creatures vanquished

Notes
Turn   | Place    | Note
-------+----------+-------------------------------------------
     0 | D:1      | bonscott the Deep Elf Necromancer began the quest for the
                  | Orb.
     0 | D:1      | Reached XP level 1. HP: 10/10 MP: 6/6
    78 | D:1      | Reached skill level 5 in Necromancy
   386 | D:1      | Reached XP level 2. HP: 15/15 MP: 6/8
   848 | D:1      | Reached XP level 3. HP: 19/19 MP: 7/10
  1464 | D:2      | Reached skill level 4 in Spellcasting
  1773 | D:2      | Found a faded altar of an unknown god.
  1836 | D:2      | Reached XP level 4. HP: 24/24 MP: 8/12
  1932 | D:2      | Learned a level 3 spell: Vampiric Draining
  2107 | D:3      | Found a runed translucent door.
  2111 | D:3      | Noticed SgtSorry's ghost (weakling TrFi)
  2193 | D:3      | Reached skill level 1 in Armour
  2359 | D:3      | Reached XP level 5. HP: 23/28 MP: 6/13
  2575 | D:3      | Found a glowing drain.
  2585 | Sewer    | Entered a sewer
  3139 | Sewer    | Reached XP level 6. HP: 32/32 MP: 5/14
  3776 | D:3      | Learned a level 4 spell: Dispel Undead
  4347 | D:3      | Reached skill level 5 in Spellcasting
  4791 | D:4      | Reached XP level 7. HP: 33/36 MP: 10/17
  5319 | D:5      | Entered Level 5 of the Dungeon
  5382 | D:5      | Reached skill level 6 in Spellcasting
  5659 | D:5      | Identified the +1 dagger of Eye-covered Guilt {vamp,
                  | Fragile rC+ Will+ MP+9}
  6194 | D:5      | Reached skill level 7 in Spellcasting
  6594 | D:6      | Reached XP level 8. HP: 41/41 MP: 12/21
  6704 | D:6      | Found a staircase to the Ecumenical Temple.
  6715 | Temple   | Entered the Ecumenical Temple
  7077 | Temple   | Became a worshipper of Gozag Ym Sagoz the Greedy
  7418 | D:6      | Noticed Menkaure
  7615 | D:6      | Reached skill level 8 in Spellcasting
  8483 | D:6      | Killed Menkaure
  8484 | D:6      | Reached skill level 9 in Spellcasting
  8940 | D:7      | Noticed Prince Ribbit
  8985 | D:7      | Killed Prince Ribbit
  8986 | D:7      | Reached skill level 5 in Armour
  9254 | D:7      | Reached XP level 9. HP: 35/46 MP: 6/24
  9740 | D:7      | Reached skill level 1 in Fighting
 10602 | D:7      | Found a runed translucent door.
 10603 | D:7      | Noticed Crazy Yiuf
 10609 | D:7      | Killed Crazy Yiuf
 10807 | D:8      | Found a runed translucent gate.
 10807 | D:8      | Found a runed translucent gate.
 10814 | D:8      | Found a runed translucent gate.
 10860 | D:8      | Reached skill level 10 in Necromancy
 10951 | D:7      | Reached skill level 10 in Spellcasting
 11918 | D:8      | Noticed a two-headed ogre
 12182 | D:9      | Noticed a kobold demonologist
 12182 | D:9      | Noticed a kobold demonologist
 12191 | D:9      | Reached XP level 10. HP: 56/56 MP: 26/26
 12223 | D:9      | Reached skill level 11 in Spellcasting
 13587 | D:8      | Noticed Erica
 13594 | D:8      | Killed Erica
 13595 | D:8      | Reached skill level 5 in Fighting
 13595 | D:8      | Reached skill level 12 in Spellcasting
 13749 | D:8      | Learned a level 2 spell: Blink
 13882 | D:8      | Noticed brwnlv's ghost (novice MiBe)
 13990 | D:8      | Reached skill level 1 in Translocations
 13998 | D:8      | Learned a level 5 spell: Agony
 14303 | D:9      | Identified the +9 whip of a Labyrinth {drain, rF+ rN++
                  | Str+4 Stlth+}
 14362 | D:9      | Learned a level 5 spell: Borgnjor's Vile Clutch
 14490 | D:9      | Noticed Psyche
 14497 | D:9      | Killed Psyche
 14498 | D:9      | Reached skill level 1 in Earth Magic
 14863 | D:10     | Entered Level 10 of the Dungeon
 14978 | D:10     | Noticed a death yak
 15145 | D:10     | Reached XP level 11. HP: 62/64 MP: 16/29
 15398 | D:10     | Noticed Snorg
 15478 | D:10     | Noticed a boulder beetle
 15492 | D:10     | Killed a boulder beetle
 15767 | D:10     | Found a basalt altar of Yredelemnul.
 15778 | D:10     | Found a shimmering blue altar of Sif Muna.
 16146 | D:10     | Reached skill level 5 in Earth Magic
 16334 | D:10     | Found a staircase to the Lair.
 16335 | D:10     | Noticed a death yak
 16850 | D:11     | Noticed a boulder beetle
 16915 | D:11     | Found a transporter.
 17923 | D:10     | Found a staircase to the Orcish Mines.
 18185 | D:10     | Noticed a death yak
 18273 | D:10     | Killed a death yak
 18286 | D:10     | Killed a death yak
 18290 | D:10     | Killed a death yak
 18509 | D:10     | Killed Snorg
 18659 | Lair:1   | Entered Level 1 of the Lair of Beasts
 18903 | Lair:1   | Noticed a seven-headed hydra
 18912 | Lair:1   | Killed a seven-headed hydra
 18913 | Lair:1   | Reached XP level 12. HP: 66/69 MP: 20/30
 19101 | Lair:1   | Reached skill level 5 in Dodging
 19468 | Lair:1   | Reached skill level 13 in Spellcasting
 19653 | Lair:1   | Found a runed translucent door.
 19851 | Lair:1   | Identified the +7 whip of the Abyss {elec, Int+2}
 19854 | Lair:1   | Identified the +1 hat of the Impish Heron {Contam rPois rC-
                  | Int+8}
 19857 | Lair:1   | Found a runed translucent gate.
 19857 | Lair:1   | Found a runed translucent gate.
 19857 | Lair:1   | Found a runed translucent gate.
 19857 | Lair:1   | Found a runed translucent gate.
 19857 | Lair:1   | Noticed a boulder beetle
 19861 | Lair:1   | Found a runed translucent gate.
 19863 | Lair:1   | Found a runed translucent gate.
 19863 | Lair:1   | Noticed a boulder beetle
 19864 | Lair:1   | Noticed a boulder beetle
 19913 | Lair:1   | Mangled by a boulder beetle

Illustrated notes

Levels and vault maps discovered:
D:1:      scummos_arrival_hexagon, layout_loops_ring, minmay_misc_feat_alley,
          serial_bayou_lagoon_b
D:2:      layout_rooms, dreamdust_ecumenical_altar_drowned_temple
D:3:      layout_rooms, cheibrodos_sewer_entry_bend, ebering_ghost_inner_flame,
          minmay_fractal_squares_5
D:4:      minmay_inner_zag, layout_loops_ring
D:5:      minmay_evil_eye, layout_cave_pods,
          hangedman_abyss_or_decor_lesser_grid, chequers_mini_garden
D:6:      layout_layer_cave, minmay_temple_entry_hall, uniq_menkaure
D:7:      minmay_recursive_quarters, layout_gridville,
          nicolae_ossuary_entry_ruins, uniq_crazy_yiuf_cottage,
          uniq_prince_ribbit1
D:8:      kennysheep_ambush_hall, layout_basic, gammafunk_ghost_icy, uniq_erica
D:9:      layout_roguey, uniq_psyche
D:10:     layout_stronghold, mainiacjoe_overflow_swirl, dpeg_lair_monsters,
          minmay_orc_entry_temple_small, uniq_snorg
D:11:     gammafunk_cloud_chamber, layout_irregular_city, gammafunk_ghost_hive
Temple:   mainiacjoe_temple_big_plus
Lair:1:   gammafunk_indiana_jones, layout_layer_cave,
          portal_ice_cave_entry_pillars_2, minmay_lair_oklob_items,
          hibernation_bobbens

Skill      XL: |  1  2  3  4  5  6  7  8  9 10 11 12 |
---------------+-------------------------------------+-----
Necromancy     | 5 6 8 9 10 11 12 | 12.8
Spellcasting   | 4 5 7 9 10 12 13 | 13.1
Armour         | 2 3 4 6 |  6.8
Fighting       | 3 5 6 |  6.1
Translocations | 4 |  4.0
Dodging        | 3 4 5 |  5.6
Earth Magic    | 3 9 |  9.9
Stealth        | |  2.4

Action                   |  1- 3 |  4- 6 |  7- 9 | 10-12 || total
-------------------------+-------+-------+-------+-------++-------
Melee: Eveningstar       |       |     7 |     5 |       ||    12
       Whip              |       |       |    32 |    39 ||    71
 Fire: Shortbow          |       |       |       |   173 ||   173
Throw: Stone             |       |     2 |    22 |       ||    24
       Boomerang         |       |       |     2 |       ||     2
 Cast: Necrotise         |    72 |   175 |   123 |    28 ||   398
       Vampiric Draining |       |     6 |    89 |   122 ||   217
       Dispel Undead     |       |       |     7 |    10 ||    17
       Borgnjor's Vile C |       |       |       |    70 ||    70
       Agony             |       |       |       |     6 ||     6
Evoke: Wand              |       |       |     4 |     8 ||    12
  Use: Scroll            |       |     3 |     8 |     1 ||    12
       Potion            |       |     1 |     2 |     3 ||     6
 Stab: Sleeping          |       |     1 |       |     1 ||     2
Armor: Robe              |       |     4 |       |       ||     4
       Leather armour    |       |     8 |    25 |       ||    33
       Ring mail         |       |       |    22 |    96 ||   118
Dodge: Dodged            |     4 |    15 |    76 |   120 ||   215
       Repelled          |     1 |       |       |       ||     1
